 Dungeon Crawl Stone Soup version 0.28.0-49-g6dfe1f597d (webtiles) character file.

Game seed: 14639735911762430531

136 hawla the Digger (level 4, -2/18 HPs)
             Began as a Felid Earth Elementalist on May 11, 2022.
             Slain by an adder (5 damage)
             ... on level 3 of the Dungeon on May 12, 2022.
             The game lasted 00:07:15 (2592 turns).

hawla the Digger (Felid Earth Elementalist)         Turns: 2592, Time: 00:07:17

Health: -2/18      AC:  1    Str:  4    XL:     4   Next: 98%
Magic:  0/8        EV: 18    Int: 18    God:
Gold:   37         SH:  0    Dex: 16    Spells: 4/8 levels left
                                        Lives:  0   Deaths: 1

rFire   . . .      SeeInvis +   (weapon unavailable)
rCold   . . .      Faith    .   (shield unavailable)
rNeg    . . .      Spirit   .   (armour unavailable)
rPois   .          Reflect  .   (helmet unavailable)
rElec   .          Harm     .   (cloak unavailable)
rCorr   .          Rampage  .   (gloves unavailable)
Will    .....                   (boots unavailable)
Stlth   ++........              (no amulet)
HPRegen 0.06/turn               (no ring)
MPRegen 0.11/turn               (no ring)

@: quick
A: very small, claws 1, fangs 3, see invisible, speed 1, shaggy fur 1, stealthy
paws, no weapons or thrown items, no armour, multi-lived
a: no special abilities


You were on level 3 of the Dungeon.
You visited 1 branch of the dungeon, and saw 3 of its levels.

You collected 50 gold pieces.
You spent 13 gold pieces at shops.

Inventory:

Missiles
 b - 40 stones
Scrolls
 c - a scroll of teleportation
 e - a scroll of amnesia


   Skills:
 + Level 0.6 Fighting
 + Level 3.2 Dodging
 - Level 3.0 Stealth
 + Level 0.3 Unarmed Combat
 - Level 2.6 Spellcasting
 * Level 1.5 Conjurations
 + Level 1.1 Transmutations
 + Level 4.4 Earth Magic


You had 4 spell levels left.
You knew the following spells:

 Your Spells              Type           Power      Damage    Failure   Level
a - Sandblast             Erth           36%        2d10      2%          1
b - Stone Arrow           Conj/Erth      26%        3d8       16%         3

Your spell library contained the following spells:

 Spells                   Type           Power      Damage    Failure   Level
 Magic Dart               Conj           32%        1d4       9%          1
 Passwall                 Tmut/Erth      10%        N/A       9%          2
 Call Imp                 Summ           2%         N/A       26%         2
 Dazzling Flash           Conj/Hex       10%        N/A       36%         3
 Mephitic Cloud           Conj/Pois/Air  4%         N/A       38%         3
 Gell's Gravitas          Tloc           2%         N/A       45%         3
 Lesser Beckoning         Tloc           2%         N/A       45%         3
 Teleport Other           Tloc           2%         N/A       45%         3
 Petrify                  Tmut/Erth      12%        N/A       50%         4
 Iskenderun's Mystic Bla  Conj/Tloc      5%         2d3       77%         4
 Starburst                Conj/Fire      2%         6d3       100%        6


Dungeon Overview and Level Annotations

Branches:
Dungeon (3/15)

Altars:
Dithmenos

Shops:
D:1 [**[


Innate Abilities, Weirdness & Mutations

You have sharp claws.
You have razor-sharp teeth.
You have supernaturally acute eyesight. (SInv)
You cover ground quickly. (Speed+)
You are covered in fur. (AC +1)
Your paws help you pounce on unaware monsters.
You are incapable of wielding weapons or throwing items.
You cannot wear armour.
You gain extra lives every three experience levels.


Message History

Press: ? - help, Shift-Dir - straight line, f - adder
Aim: an adder (66% to hit)
The blast of sand misses the adder.
The adder misses you.
Casting: Sandblast (safe; 2% risk of failure)
Confirm with . or Enter, or press ? or * to list all spells.
The spell is extremely dangerous to miscast (16% risk of failure)!
Continue anyway?
Aiming: Stone Arrow (extremely dangerous; 16% risk of failure)
Press: ? - help, Shift-Dir - straight line, f/p - adder
Aim: an adder (48% to hit)
The stone arrow misses the adder.
The adder bites you.
* * * LOW HITPOINT WARNING * * *
The adder misses you.
Casting: Stone Arrow (extremely dangerous; 16% risk of failure)
Confirm with . or Enter, or press ? or * to list all spells.
Aiming: Sandblast (safe; 2% risk of failure)
Press: ? - help, Shift-Dir - straight line, f/p - adder
Aim: an adder (66% to hit)
The blast of sand hits the adder.
The adder is heavily wounded.
The adder bites you but does no damage.
Casting: Sandblast (safe; 2% risk of failure)
Confirm with . or Enter, or press ? or * to list all spells.
Aiming: Sandblast (safe; 2% risk of failure)
Press: ? - help, Shift-Dir - straight line, f/p - adder
Aim: an adder (heavily wounded, 66% to hit)
The blast of sand hits the adder.
The adder is almost dead.
The adder closely misses you.
You miss the adder.
The adder is almost dead.
The adder misses you. The adder barely misses you.
Casting: Sandblast (safe; 2% risk of failure)
Confirm with . or Enter, or press ? or * to list all spells.
Aiming: Sandblast (safe; 2% risk of failure)
Press: ? - help, Shift-Dir - straight line, f/p - adder
Aim: an adder (almost dead, 66% to hit)
The blast of sand hits the adder.
The adder is almost dead.
The adder bites you.
You die...

#.# #.#.# #....<... #.#
#.#.# #........ #K# #.#.#
##........ #.# #.#.#
#.......... #g# #.#.#
.##........ #######r# #.#K#
#........ #.......####.#.#
#........
#.#.......K..#.####
#........
#.#.#######g.#.S@.#
#.....### #.#.#
#.....#.#### ######.#.
#.#.#
#..........####[.......
#.#.##
##...######...##.######.
#....#####..###....###..#.#
#.
#..#....##..r..g....g##.#.#
#.
##...##.#.....######).#...#
#. ##.###.#....## #..##..#
#. #.#
#.#....#...).gg..#..# #.


You could see an adder.

Vanquished Creatures
  Jessica (D:2)
  Natasha (twice) (D:2)
  6 adders (D:2)
  7 bats
  5 endoplasms
  13 hobgoblins
  2 jackals (D:3)
  A quokka (D:2)
  3 ball pythons
  4 goblins
  4 kobolds (D:1)
  4 rats
52 creatures vanquished.

Notes
Turn   | Place    | Note
-------+----------+-------------------------------------------
     0 | D:1      | hawla the Felid Earth Elementalist began the quest for the
                  | Orb.
     0 | D:1      | Reached XP level 1. HP: 7/7 MP: 4/4
    18 | D:1      | Found Bupigroafi's Antique Armour Boutique.
   250 | D:1      | Reached skill level 3 in Earth Magic
   305 | D:1      | Reached XP level 2. HP: 11/11 MP: 1/6
   390 | D:1      | Found Cuilud's General Store.
   401 | D:1      | Bought a potion of degeneration for 13 gold pieces
   442 | D:1      | Found Wubi's Antique Armour Shoppe.
   524 | D:1      | Found Fabbealala's General Store.
   861 | D:2      | Reached XP level 3. HP: 14/14 MP: 1/7
   865 | D:2      | Learned a level 3 spell: Stone Arrow
  1288 | D:2      | Found a shadowy altar of Dithmenos.
  1361 | D:2      | Reached XP level 4. HP: 18/18 MP: 3/8
  1393 | D:2      | Noticed Jessica
  1398 | D:2      | Succumbed to an adder's poison
  1399 | D:2      | Reached XP level 3. HP: 0/14 MP: 0/7
  1462 | D:2      | Killed Jessica
  1463 | D:2      | Reached skill level 1 in Conjurations
  1585 | D:2      | Noticed Natasha
  1593 | D:2      | Killed Natasha
  1594 | D:2      | Reached skill level 4 in Earth Magic
  1594 | D:2      | Reached XP level 4. HP: 7/18 MP: 5/8
  2215 | D:2      | Noticed Natasha
  2219 | D:2      | Killed Natasha
  2592 | D:3      | Slain by an adder

Illustrated notes

Levels and vault maps discovered:
D:1:      saegor_arrival_simple_d, layout_rooms, serial_shops, shop,
          shop_fountains, shop, nicolae_shop_stone, minmay_pentomino_x4
D:2:      layout_loops_ring, basic_altar, uniq_natasha, uniq_jessica
D:3:      layout_loops_ring, minmay_randomly_rotated_circles

Skill      XL: |  1  2  3 |
---------------+----------+-----
Earth Magic    | 3 4 |  4.4
Stealth        | 3 |  3.0
Dodging        | 3 |  3.2
Conjurations   | 1 |  1.5
Fighting       | |  0.6
Unarmed Combat | |  0.3
Spellcasting   | |  2.6
Transmutations | |  1.1

Action                   |  1- 3 |  4- 6 || total
-------------------------+-------+-------++-------
Melee: Unarmed           |     6 |     8 ||    14
       Bite              |     2 |       ||     2
 Cast: Sandblast         |    40 |    23 ||    63
       Stone Arrow       |     7 |     3 ||    10
  Use: Scroll            |       |     2 ||     2
       Potion            |       |     2 ||     2
Armor: Skin              |     1 |     5 ||     6
Dodge: Dodged            |    18 |    28 ||    46
